 Dungeon Crawl Stone Soup version 0.28-a0-1087-gf3fc490d9d (webtiles) character file.

Game seed: 8338562398030037444

422 yoda5477 the Ducker (level 6, -5/46 HPs)
             Began as a Demonspawn Transmuter on Dec 10, 2021.
             Was a Follower of Wu Jian.
             Slain by a mummy (16 damage)
             ... in an ossuary.
             The game lasted 00:28:58 (4065 turns).

yoda5477 the Ducker (Demonspawn Transmuter)         Turns: 4065, Time: 00:29:00

Health: -5/46      AC:  8    Str: 13    XL:     6   Next: 63%
Magic:  8/9        EV:  6    Int: 14    God:    Wu Jian [*.....]
Gold:   87         SH:  0    Dex: 13    Spells: 6/9 levels left

rFire   . . .      SeeInvis .     - Unarmed
rCold   . . .      Faith    .   (no shield)
rNeg    . . .      Spirit   .   p - +3 leather armour
rPois   +          Reflect  .   (helmet currently unavailable)
rElec   .          Harm     .   (no cloak)
rCorr   .          Rampage  .   (no gloves)
Will    .....                   (boots currently unavailable)
Stlth   ++........              (no amulet)
HPRegen 0.15/turn               k - ring of poison resistance
MPRegen 0.11/turn               (no ring)

@: appendages (expiring), wereblooded, held
A: horns 2, talons 2, slimy green scales 1
a: End Transformation, Renounce Religion


You were in an ossuary.
You worshipped Wu Jian.
Wu Jian was aware of your devotion.
You had temporarily grown beastly horns and talons.
You visited 1 branch of the dungeon, and saw 5 of its levels.
You also visited: Ossuary.

You collected 87 gold pieces.

Inventory:

Hand Weapons
 n - a +0 shortbow
Missiles
 d - 102 stones (quivered)
 s - 15 arrows
Armour
 a - a +0 robe
 i - a +0 pair of boots (melded)
 p - a +3 leather armour (worn)
 r - a +1 hat (melded)
Jewellery
 k - a ring of poison resistance (left hand)
Wands
 l - a wand of digging (6)
 o - a wand of mindburst (3)
Scrolls
 j - a scroll of teleportation
Potions
 b - a potion of invisibility
 c - 2 potions of brilliance {unknown}
 e - a potion of might
 f - a potion of heal wounds
 h - a potion of resistance
 m - a potion of cancellation {unknown}


   Skills:
 + Level 2.9 Fighting
 - Level 2.0 Armour
 + Level 3.2 Dodging
 - Level 3.0 Stealth
 * Level 3.2 Unarmed Combat
 - Level 2.0 Spellcasting
 + Level 3.2 Transmutations


You had 6 spell levels left.
You knew the following spells:

 Your Spells              Type           Power      Damage    Failure   Level
a - Beastly Appendage     Tmut           20%        N/A       9%          1
b - Wereblood             Tmut           10%        N/A       12%         2

Your spell library contained the following spells:

 Spells                   Type           Power      Damage    Failure   Level
 Shock                    Conj/Air       4%         1d3       30%         1
 Spider Form              Tmut/Pois      5%         N/A       43%         3
 Swiftness                Air            1%         N/A       65%         3
 Ice Form                 Ice/Tmut       5%         N/A       83%         4
 Airstrike                Air            0%         N/A       96%         4


Dungeon Overview and Level Annotations

Branches:
Dungeon (5/15)            Ossuary (1/1)
 Temple: D:4-7

Altars:
Wu Jian

Annotations:
D:4 Ijyb


Innate Abilities, Weirdness & Mutations

You have temporarily grown beastly horns and talons.
You are partially covered in slimy green scales. (AC +2)


Message History

You grow a pair of large bovine horns.
Your feet morph into talons.
Your +1 hat melds into your body.
Your +0 pair of boots melds into your body.
Casting: Beastly Appendage (safe; 9% risk of failure)
Confirm with . or Enter, or press ? or * to list all spells.
Your blood is infused with primal strength.
The mummy hits you!
You lunge at the mummy.
You barely miss the mummy. You claw the mummy.
The mummy is lightly damaged.
You spin and attack the mummy.
You hit the mummy but do no damage. You claw the mummy, but do no damage.
The mummy misses you.
You spin and attack the mummy.
You hit the mummy.
The mummy is lightly damaged.
The mummy closely misses you.
You spin and attack the mummy.
You hit the mummy.
The mummy is moderately damaged.
You spin and attack the mummy.
You hit the mummy.
The mummy is lightly damaged.
The mummy barely misses you.
You spin and attack the mummy.
You hit the mummy. You claw the mummy. Your headbutt misses the mummy.
The mummy is moderately damaged.
The mummy enters a dispersal trap!
The mummy blinks! x5; You blink.
The mummy blinks!
The mummy drops a net on you.
You become entangled in the net!
You see here a throwing net.
You struggle against the net.
You struggle against the net.
You struggle against the net.
Your transformation is almost over.
You struggle against the net.
The mummy barely misses you.
You shred the net and break free! The mummy hits you!
* * * LOW HITPOINT WARNING * * *
You spin and attack the mummy.
You barely miss the mummy. You claw the mummy. Your headbutt misses the mummy.
The mummy is heavily damaged.
The sentinel's mark upon you fades away.
The mummy drops a net on you.
You become entangled in the net!
The mummy hits you!
You die...

#.....#
#.....#
#..∩..#
#.....#
#..∩..#
#.....#
#....^#
##...^.##
#..@....#
##.M...##
#.......#
##.M^^.##
#.^M....#
##.^...##
#...^^^.#
##.....##
#.^^^...#


You could see 3 mummies.

Vanquished Creatures
  A sky beast (D:3)
  2 centaur zombies (Ossuary)
  A hound (D:3)
  4 mummies
  Robin (D:4)
  A howler monkey skeleton (D:3)
  5 adders
  An adder skeleton (D:2)
  2 worms
  A dart slug (D:1)
  5 orcs
  14 endoplasms
  4 giant cockroaches
  17 goblins
  9 hobgoblins
  10 jackals
  4 kobolds
  2 quokkas
  5 ball pythons
  4 bats
  4 frilled lizards
  3 hobgoblin zombies (Ossuary)
  4 rats
104 creatures vanquished.

Notes
Turn   | Place    | Note
-------+----------+-------------------------------------------
     0 | D:1      | yoda5477 the Demonspawn Transmuter began the quest for the
                  | Orb.
     0 | D:1      | Reached XP level 1. HP: 15/15 MP: 3/3
   189 | D:1      | Gained mutation: You are partially covered in slimy green
                  | scales. (AC +2) [demonic ancestry]
   189 | D:1      | Reached XP level 2. HP: 20/21 MP: 3/5
   233 | D:1      | Reached skill level 1 in Stealth
   731 | D:1      | Reached XP level 3. HP: 23/26 MP: 4/6
   773 | D:1      | Found a faded altar of an unknown god.
  1519 | D:2      | Learned a level 2 spell: Wereblood
  1902 | D:2      | Reached XP level 4. HP: 28/33 MP: 5/7
  2857 | D:3      | Found an ornate altar of the Wu Jian Council.
  2863 | D:3      | Noticed a sky beast
  2889 | D:3      | Reached XP level 5. HP: 38/38 MP: 6/8
  2896 | D:3      | Became a worshipper of the Wu Jian Council
  3044 | D:3      | Killed a sky beast
  3045 | D:3      | Reached skill level 1 in Armour
  3743 | D:4      | Noticed Robin
  3774 | D:4      | Killed Robin
  3775 | D:4      | Reached XP level 6. HP: 36/46 MP: 9/9
  3879 | D:5      | Entered Level 5 of the Dungeon
  3953 | D:4      | Noticed Ijyb
  3976 | D:4      | Found a sand-covered staircase.
  3984 | D:4      | Reached * piety under Wu Jian
  3988 | Ossuary  | Entered an ossuary
  4065 | Ossuary  | Slain by a mummy

Illustrated notes

Levels and vault maps discovered:
D:1:      mushboom_english_gardens, layout_basic, ebering_ecumenical_altar_webs
D:2:      layout_loops_corners, wander_ebering_terrifying_dragon_lair
D:3:      layout_basic, mainiacjoe_overflow_cross_hatched
D:4:      layout_loops_cross, nicolae_ossuary_entry_giza, uniq_robin, uniq_ijyb,
          uniq_eustachio
D:5:      layout_gridville, nicolae_hepliaklqana_hazy_memory,
          mainiacjoe_overflow_tiny_flanked, serial_bayou_pond_a, uniq_grinder
Ossuary:  ossuary_the_hunt_dpeg

Skill      XL: |  1  2  3  4  5  6 |
---------------+-------------------+-----
Stealth        | 1 2 3 |  3.0
Dodging        | 2 3 |  3.2
Transmutations | 2 3 |  3.2
Fighting       | 2 |  2.9
Armour         | 1 2 |  2.0
Unarmed Combat | 3 |  3.2
Spellcasting   | |  2.0

Action                   |  1- 3 |  4- 6 || total
-------------------------+-------+-------++-------
Melee: Unarmed           |   129 |   213 ||   342
       Headbutt          |    20 |    24 ||    44
       Kick              |    24 |    48 ||    72
       Punch             |     2 |     4 ||     6
Throw: Stone             |     5 |     1 ||     6
 Cast: Beastly Appendage |    30 |    32 ||    62
       Wereblood         |       |     3 ||     3
Invok: Lunge             |       |    13 ||    13
       Whirlwind         |       |    22 ||    22
Evoke: Wand              |       |     3 ||     3
  Use: Scroll            |       |     6 ||     6
 Stab: Sleeping          |       |     6 ||     6
Armor: Robe              |    34 |       ||    34
       Leather armour    |       |    67 ||    67
Dodge: Dodged            |    79 |   117 ||   196

Table legend: (Time is in decaauts)
 A = Elapsed time spent in this place.
 B = Non-inter-level travel time spent in this place.
 C = Inter-level travel time spent in this place.
 D = Time resting spent in this place.
 E = Time spent auto-exploring this place.
 F = Levels seen in this place.
 G = Mean time per level.
                   A        B        C        D        E       F      G
               +--------+--------+--------+--------+--------+-----+--------+
         Total |   4057 |   3947 |    110 |    867 |   1210 |   6 |  676.2 |
       Dungeon |   3981 |   3871 |    110 |    861 |   1210 |   5 |  796.2 |
       Ossuary |     76 |     76 |      0 |      6 |      0 |   1 |   76.0 |
               +--------+--------+--------+--------+--------+-----+--------+

Top non-repeatable levels by time:
     D:1: 1420 daAuts
     D:2: 1179 daAuts
     D:3: 1077 daAuts
     D:4: 301 daAuts
 Ossuary: 76 daAuts
     D:5: 1 daAuts
